 Dungeon Crawl Stone Soup version 0.27-b1-41-gafb5482f4b (webtiles) character file.

Game seed: 9543002404696373807

18 hawla the Sneak (level 2, -1/18 HPs)
             Began as a Deep Elf Delver on July 28, 2021.
             Slain by an adder (3 damage)
             ... on level 4 of the Dungeon.
             The game lasted 00:01:39 (522 turns).

hawla the Sneak (Deep Elf Delver)                    Turns: 522, Time: 00:01:41

Health: -1/18      AC:  3    Str:  9    XL:     2   Next: 51%
Magic:  5/5        EV: 16    Int: 14    God:
Gold:   7          SH:  0    Dex: 16    Spells: 3/3 levels left

rFire    . . .     SeeInvis .   a - +0 short sword
rCold    . . .     Faith    .   (no shield)
rNeg     . . .     Spirit   .   b - +0 leather armour
rPois    .         Reflect  .   (no helmet)
rElec    .         Harm     .   (no cloak)
rCorr    .         Rampage  .   (no gloves)
Will     .....                  (no boots)
Stlth    +++.......             (no amulet)
HPRegen  0.06/turn              d - +4 ring of evasion
MPRegen  0.09/turn              (no ring)

@: brilliant, lethally poisoned (-1 -> -15)
A: no striking features
a: no special abilities


You were on level 4 of the Dungeon.
You visited 1 branch of the dungeon, and saw 2 of its levels.

You collected 7 gold pieces.

Inventory:

Hand Weapons
 a - a +0 short sword (weapon)
Armour
 b - a +0 leather armour (worn)
Jewellery
 d - a +4 ring of evasion (left hand)
Wands
 g - a wand of digging (2)
 l - a wand of flame (10)
Scrolls
 c - a scroll of fog
 e - a scroll of fear
 h - a scroll of enchant weapon {unknown}
 j - a scroll of summoning {unknown}
 k - a scroll of amnesia {unknown}
Potions
 f - a potion of haste
 m - 2 potions of degeneration {unknown}


   Skills:
 + Level 2.6 Fighting
 + Level 2.3 Short Blades
 + Level 2.8 Dodging
 - Level 6.0 Stealth
 + Level 1.2 Spellcasting


You had 3 spell levels left.
You didn't know any spells.
Your spell library was empty.

Dungeon Overview and Level Annotations

Branches:
Dungeon (5/15)
 Temple: D:4-7

Altars:


Message History

Found a small agate ring.
d - a +4 ring of evasion
d - a +4 ring of evasion (left hand)
A dart slug comes into view.
The dart slug moves out of view.
Found a There-And-Back Book.
Found a stone staircase leading up.
A scorpion comes into view.
An adder comes into view.
You hit the dart slug.
The dart slug is heavily wounded.
The scorpion barely misses you. The dart slug launches a dart at you.
The slug dart misses you.
You hit the dart slug but do no damage.
The dart slug is heavily wounded.
The scorpion stings you. The scorpion misses you.
You hit the dart slug.
The dart slug is severely wounded.
The dart slug misses you. The scorpion barely misses you.
You hit the dart slug.
The dart slug is almost dead.
The scorpion stings you. The dart slug closely misses you.
You hit the dart slug but do no damage.
The dart slug is almost dead.
The scorpion stings you but does no damage.
The adder closely misses you.
The dart slug bites you but does no damage.
You hit the dart slug.
You kill the dart slug!
The scorpion stings you. The adder bites you.
* * * LOW HITPOINT WARNING * * *
Unknown command.
It was a potion of brilliance.
You feel clever all of a sudden. The scorpion stings you.
* * * LOW HITPOINT WARNING * * *
You are lethally poisoned!
The scorpion poisons you! The adder bites you.
You die...

.#......+,,,**,,*,,,,,,,,,,* *,,
.#.....##+####,,*.......,,,* *,,
.............#,,*.......,,,* *,,
########.....#,,*.......,,,****,,
.............#,,*.......,,,,,,,,,
.............#,,*..<....,,,,,,,,,
.............####.......,,,,,,,,,
........####....Ss......,,,,,,,,,
........# #....@†......,,,,,,,>,
........# #............,,,,,,,,,
#.......# #............,,,,,,,,,
#.......# #......:.....,,,,,,,,,
#.......# #............,,,,,,,,,
#.......# #............,,,,,,,,,
****,,,,* #............,,,,,,,,,
*,,,,* #...........#****,,,,,
*,,,,* *,,,,,,,,,,,* *,,,,,


You could see a scorpion and an adder.

Vanquished Creatures
  A hound skeleton (D:5)
  A dart slug (D:4)
  A ball python (D:4)
  A hobgoblin (D:4)
  A kobold (D:4)
5 creatures vanquished.

Notes
Turn   | Place    | Note
-------+----------+-------------------------------------------
     0 | D:5      | hawla the Deep Elf Delver began the quest for the Orb.
     0 | D:5      | Reached XP level 1. HP: 13/13 MP: 3/3
    50 | D:5      | Reached skill level 1 in Spellcasting
    50 | D:5      | Reached XP level 2. HP: 9/18 MP: 3/5
   364 | D:4      | Noticed a black bear
   512 | D:4      | Noticed a scorpion
   522 | D:4      | Slain by an adder

Illustrated notes

Levels and vault maps discovered:
D:4:      layout_gridville
D:5:      layout_loops_ring, minmay_temple_entry_enclosed_plants,
          gammafunk_ghost_abyssal_escape

Skill      XL: |  1 |
---------------+----+-----
Spellcasting   | 1 |  1.2
Fighting       | |  2.6
Short Blades   | |  2.3
Dodging        | |  2.8
Stealth        | |  6.0

Action                   || total
-------------------------++-------
Melee: Short sword       ||    28
Evoke: Wand              ||     1
  Use: Scroll            ||     1
       Potion            ||     1
Armor: Leather armour    ||     4
Dodge: Dodged            ||    24
